 Dungeon Crawl Stone Soup version 0.22.1-2-g9c5b331 (webtiles) character file.

20 MalarOregon the Stinger (level 2, -7/20 HPs)
             Began as a Merfolk Venom Mage on Nov 23, 2018.
             Killed by nerve-wracking pain
             ... invoked by an orc priest
              (9 damage)
             ... on level 2 of the Dungeon.
             The game lasted 00:01:24 (1003 turns).

MalarOregon the Stinger (Merfolk Venom Mage)        Turns: 1003, Time: 00:01:25

Health: -7/20      AC:  2    Str:  8    XL:     2   Next: 79%
Magic:  0/5        EV: 13    Int: 14    God:
Gold:   18         SH:  0    Dex: 14    Spells: 4/5 levels left

rFire    . . .     SeeInvis .   j - +0 dagger
rCold    . . .     Gourm    .   (no shield)
rNeg     . . .     Faith    .   a - +0 robe
rPois    .         Spirit   .   (no helmet)
rElec    .         Reflect  .   (no cloak)
rCorr    .         Harm     .   (no gloves)
MR       .....                  (no boots)
Stlth    ++........             (no amulet)
HPRegen  0.06/turn              (no ring)
MPRegen  0.09/turn              (no ring)

@: no status effects
A: change form in water, swift swim, stealthy swim
a: no special abilities


You were on level 2 of the Dungeon.
You were not hungry.

You visited 1 branch of the dungeon, and saw 2 of its levels.

You collected 18 gold pieces.

Inventory:

Hand Weapons
 j - a +0 dagger (weapon)
   (You took it off a goblin on level 2 of the Dungeon)
Armour
 a - a +0 robe (worn)
 b - a +1 pair of boots of flying
   (You found it on level 1 of the Dungeon)
Scrolls
 c - 2 scrolls of identify {unknown}
 g - a scroll of blinking {unknown}
 i - 2 scrolls of teleportation {unknown}
Potions
 d - a potion of haste {unknown}
 h - 2 potions of flight {unknown}
Comestibles
 e - 2 rations {!d}
 f - 6 chunks of flesh


   Skills:
 + Level 0.7 Fighting
 + Level 3.0 Dodging
 + Level 2.6 Stealth
 + Level 2.1 Spellcasting
 - Level 1.0 Conjurations
 + Level 3.5 Poison Magic


You had 4 spell levels left.
You knew the following spells:

 Your Spells              Type           Power        Failure   Level  Hunger
a - Sting                 Conj/Pois      #...         10%         1    #......

Your spell library contained the following spells:

 Spells                   Type           Power        Failure   Level  Hunger
 Poisonous Vapours        Pois/Air       #.....       17%         2    ###....
 Mephitic Cloud           Conj/Pois/Air  #.......     36%         3    ###....
 Olgreb's Toxic Radiance  Pois           ##......     50%         4    #####..
 Venom Bolt               Conj/Pois      #.........   95%         5    ######.


Dungeon Overview and Level Annotations

Branches:
Dungeon (2/15)

Altars:
Okawaru


Message History

a dagger; a goblin corpse
j - a dagger Wield which item (- for none, * to show all)? (? for menu, Esc to quit)
j - a +0 dagger (weapon)
You butcher the goblin corpse.
f - 3 chunks of flesh (gained 2)
You see here a goblin skeleton. x2
Found a rapier.
A rat comes into view.
A rat is nearby!
A rat is nearby!
Aim: a rat (resting)
The sting hits the rat.
The rat is poisoned.
A rat is nearby!
A rat is nearby!
Found 12 stones.
You hit the rat.
You kill the rat!
No target in view!
No target in view!
Found a spear.
You see here a rat corpse.
You butcher the rat corpse.
f - 4 chunks of flesh (gained 1)
You see here a rat skeleton. x2
h - 2 lumpy ruby potions (gained 1)
You butcher the giant cockroach corpse.
f - 6 chunks of flesh (gained 2)
A frilled lizard and an orc come into view.
Found 4 tomahawks and 24 arrows.
An orc priest comes into view.
Aim: an orc priest (resting)
The sting hits the orc priest.
The orc priest shouts!
The orc shouts!
The frilled lizard hisses angrily.
An orc priest comes into view.
Aim: an orc priest (lightly wounded)
The sting hits the orc priest.
The orc priest is poisoned.
The orc priest calls down the wrath of Beogh upon you.
Pain shoots through your body!
Aim: an orc priest (lightly wounded, poisoned)
The sting hits the frilled lizard.
The frilled lizard is poisoned.
You kill the frilled lizard!
The orc priest invokes the aid of Beogh against you.
Beogh smites you!
Ouch! That really hurt!
* * * LOW HITPOINT WARNING * * *
You see here a rapier.
The orc priest invokes the aid of Beogh against you.
Pain shoots through your body!
You die...

#####.##.##.###.....(..
<.(...#...#....÷......#
###)............###...#
#....._.....#.# #
#...........#.#
#...#...#...#.#
##.#.##.##.#.#.##
#...(...........#
#..#.÷.........@#
#..............)#
#....####.##.#..# #
......#
#.##.#..####...#
###...#
#..#....o.oo(..# #....
........####...# #...
(.......# # #.#.
#..####.# #.. #.#


You could see an orc priest.

Vanquished Creatures
  2 dart slugs (D:1)
  3 giant cockroaches
  A goblin (D:2)
  A hobgoblin (D:2)
  5 kobolds
  A bat (D:1)
  A frilled lizard (D:2)
  2 rats
16 creatures vanquished.

Notes
Turn   | Place    | Note
-------+----------+-------------------------------------------
     0 | D:1      | MalarOregon the Merfolk Venom Mage began the quest for the
                  | Orb.
     0 | D:1      | Reached XP level 1. HP: 13/13 MP: 3/3
   582 | D:1      | Reached XP level 2. HP: 14/20 MP: 1/5
   747 | D:1      | Reached skill level 1 in Conjurations
   914 | D:2      | Found an iron altar of Okawaru.
  1003 | D:2      | Killed from afar by an orc priest

Skill      XL: |  1  2 |
---------------+-------+-----
Conjurations   | 1 |  1.0
Dodging        | 3 |  3.0
Fighting       | |  0.7
Stealth        | |  2.6
Spellcasting   | |  2.1
Poison Magic   | |  3.5

Action                   || total
-------------------------++-------
Melee: Unarmed           ||     7
       Dagger            ||     1
 Cast: Sting             ||    29
  Use: Scroll            ||     1
  Eat: Chunk             ||     1
Armor: Robe              ||     4
Dodge: Dodged            ||     6
